 Dungeon Sprint DCSS version 0.29.1-2-gbd0b4ee654 (webtiles) character file.

Game seed: 17882862697335046232

1610 Groucho the Unseen (level 8, -11/37 HPs)
             Began as a Spriggan Enchanter on Nov 21, 2022.
             Was an Initiate of Dithmenos.
             Mangled by a polar bear (19 damage)
             ... in the Dungeon (Sprint II: "The Violet Keep of Menkaure").
             The game lasted 00:04:47 (503 turns).

Groucho the Unseen (Spriggan Enchanter)              Turns: 503, Time: 00:04:47

Health: -11/37     AC:  3    Str:  6    XL:     8   Next: 63%
Magic:  7/24       EV: 19    Int: 16    God:    Dithmenos [......]
Gold:   670        SH:  0    Dex: 16    Spells: 18/29 levels left

rFire   . . .      SeeInvis +   a - +1 dagger
rCold   . . .      Faith    .   (no shield)
rNeg    . . .      Spirit   .   f - +1 robe {Will+}
rPois   .          Reflect  .   (helmet restricted)
rElec   .          Harm     .   (no cloak)
rCorr   .          Rampage  .   (gloves unavailable)
Will    ++...      NoTele   +   (boots unavailable)
Stlth   +++++++...              (no amulet)
HPRegen 0.12/turn               b - ring of flight
MPRegen 0.19/turn               (no ring)

@: confusing by touch, flying, very quick
A: very small, no large weapons, unfitting armour, see invisible, speed 3
a: Renounce Religion


You were in the Dungeon.
You worshipped Dithmenos.
Dithmenos was noncommittal.
You visited 1 branch You collected 972 gold pieces.
You spent 302 gold pieces at shops.

Inventory:

Hand Weapons
 a - a +1 dagger (weapon)
Armour
 f - a +1 robe of willpower (worn)
Jewellery
 b - a ring of flight (left hand)
Scrolls
 i - a scroll of blinking
Potions
 c - a potion of invisibility
 g - 2 potions of magic
 h - a potion of berserk rage


   Skills:
 + Level 1.6 Fighting
 - Level 1.1 Short Blades
 * Level 5.1 Dodging
 - Level 19.3 Stealth
 * Level 2.5 Unarmed Combat
 + Level 11.4 Spellcasting
 * Level 2.2 Conjurations
 * Level 12.0 Hexes


You had 18 spell levels left.
You knew the following spells:

 Your Spells              Type           Power      Damage    Failure   Level
a - Ensorcelled Hibernat  Hex/Ice        56%        N/A       1%          2
b - Confusing Touch       Hex            47%        N/A       1%          3
c - Dazzling Flash        Conj/Hex       64%        N/A       1%          3
d - Tukima's Dance        Hex            47%        N/A       1%          3

Your spell library contained the following spells:

 Spells                   Type           Power      Damage    Failure   Level


Dungeon Overview and Level Annotations

Branches:
Dungeon (1/1)

Altars:
Cheibriados
Dithmenos
Elyvilon
Fedhas
Gozag
Hepliaklqana
Kikubaaqudgha
Makhleb
Nemelex Xobeh
Okawaru
Qazlal
Ru
Sif Muna
Trog
Uskayaw
Vehumet
Wu Jian
Xom
Yredelemnul
Zin
The Shining One
Jiyva
Lugonu

Shops:
D :*!!!![?(*==?[:

Annotations:
D exclusion: oklob plant


Innate Abilities, Weirdness & Mutations

You are very small and have problems with some larger weapons.
You are too small for most types of armour.
You have supernaturally acute eyesight. (SInv)
You cover ground extremely quickly. (Speed+++)


Message History

Aiming: Ensorcelled Hibernation (safe; 1% risk of failure)
Press: ? - help, Shift-Dir - straight line, f/p - yaktaur
Aim: a yaktaur (chance to affect: 40%)
The yaktaur looks drowsy...
The helpless yaktaur fails to defend itself.
You spit the yaktaur like a pig!!!!
You kill the yaktaur!
Dithmenos accepts your kill.
Your Fighting skill increases to level 1!
Your Dodging skill increases to level 4!
Your Unarmed Combat skill increases to level 1!
Your Conjurations skill increases to level 1!
Casting: Ensorcelled Hibernation (safe; 1% risk of failure)
Confirm with . or Enter, or press ? or * to list all spells.
Aiming: Ensorcelled Hibernation (safe; 1% risk of failure)
Press: ? - help, Shift-Dir - straight line, f - hornet
Aim: a hornet (chance to affect: 50%)
The hornet looks drowsy...
The helpless hornet fails to defend itself.
You spit the hornet like a pig!!!!
You kill the hornet!
Dithmenos accepts your kill.
Your Dodging skill increases to level 5!
Your Unarmed Combat skill increases to level 2!
Your Conjurations skill increases to level 2!
Your Hexes skill increases to level 12!
Casting: Ensorcelled Hibernation (safe; 1% risk of failure)
Confirm with . or Enter, or press ? or * to list all spells.
Your hands begin to glow red.
The polar bear bites you!
* * * LOW HITPOINT WARNING * * *
The polar bear barely misses you. The polar bear claws you.
* * * LOW HITPOINT WARNING * * *
Unknown command.
You feel better.
Okay, then.
Casting: Confusing Touch (safe; 1% risk of failure)
Confirm with . or Enter, or press ? or * to list all spells.
Your hands begin to glow brighter.
The polar bear bites you!!
Ouch! That really hurt!
You die... #..# ...# ...# #.####..## #..# .# ??)$=

'###.##..# +..# .#▓$([(=
.###..#..# #..# .#▓?[!?$!?
<.'.##'..####..##.#▓()?($??
.###..#....###...##▓▓▓▓▓▓▓+
'###.##....§.§~~h~~~~~~~~~
..####~~..§.§~#S########+##
#..#~~~~~~~..~#h@_.....#S~~
####~~~~~§~~.~#.h._....#~~≈
#~~~≈≈≈§§§~~#_._._...#~~~
~~~~§≈≈≈≈~~~#._._._..#§~~
''#§§≈≈≈§§§~#_._._._.#§§§
##≈≈≈###≈≈#._._._._#§S§
#≈≈#_._._._.#§~§
#≈§#..._._._#§≈≈
§§§§##########~§§


You could see 3 polar bears and a water moccasin.

Vanquished Creatures
  A yaktaur (D)
  A hornet (D)
  2 wyverns (D)
  4 neqoxecs (D)
  Menkaure (D)
  A water moccasin (D)
  4 scorpions (D)
  3 worms (D)
17 creatures vanquished.

Notes
Turn   | Place    | Note
-------+----------+-------------------------------------------
     0 | D        | Groucho the Spriggan Enchanter began the quest for the Orb.
     0 | D        | Reached XP level 1. HP: 9/9 MP: 5/5
     3 | D        | Noticed a wyvern
     3 | D        | Noticed a wyvern
    12 | D        | Reached skill level 5 in Stealth
    15 | D        | Reached skill level 6 in Stealth
    17 | D        | Reached XP level 2. HP: 13/13 MP: 5/7
    20 | D        | Noticed a scorpion
    20 | D        | Noticed a scorpion
    22 | D        | Noticed a scorpion
    22 | D        | Noticed a scorpion
    23 | D        | Killed a scorpion
    24 | D        | Reached skill level 9 in Stealth
    24 | D        | Reached skill level 5 in Spellcasting
    24 | D        | Reached XP level 3. HP: 16/16 MP: 5/10
    24 | D        | Reached XP level 4. HP: 21/21 MP: 6/12
    24 | D        | Killed a scorpion
    25 | D        | Reached skill level 11 in Stealth
    27 | D        | Killed a scorpion
    28 | D        | Reached skill level 13 in Stealth
    28 | D        | Reached XP level 5. HP: 24/24 MP: 6/15
    42 | D        | Noticed a neqoxec
    42 | D        | Noticed a neqoxec
    42 | D        | Noticed a neqoxec
    42 | D        | Noticed a neqoxec
    44 | D        | Killed a neqoxec
    45 | D        | Reached skill level 15 in Stealth
    45 | D        | Reached XP level 6. HP: 28/28 MP: 7/18
    47 | D        | Killed a neqoxec
    48 | D        | Reached skill level 16 in Stealth
    50 | D        | Killed a neqoxec
    51 | D        | Reached skill level 17 in Stealth
    51 | D        | Reached skill level 10 in Hexes
    51 | D        | Reached XP level 7. HP: 32/32 MP: 8/21
    52 | D        | Killed a neqoxec
    53 | D        | Reached skill level 18 in Stealth
    53 | D        | Reached skill level 10 in Spellcasting
    58 | D        | Killed a wyvern
    61 | D        | Killed a wyvern
    62 | D        | Reached skill level 19 in Stealth
    62 | D        | Reached XP level 8. HP: 36/36 MP: 9/23
    98 | D        | Found Biges's Antique Weapon Boutique.
    98 | D        | Found Xeobimm's Magic Scroll Shop.
    98 | D        | Found Sademau's Jewellery Shop.
    98 | D        | Found Xeraosh's Antique Armour Shop.
    98 | D        | Found Zablifun's Antique Armour Boutique.
    99 | D        | Found Ece Mix's Book Shop.
    99 | D        | Found Deac Xel's Magic Scroll Boutique.
    99 | D        | Found Zamuat's Jewellery Shop.
    99 | D        | Found Ohoosm's Distillery.
    99 | D        | Found Coanlor's Distillery.
    99 | D        | Found Uxeogot's Distillery.
   104 | D        | Found Ymoups's General Store.
   104 | D        | Found Jayleot's Distillery.
   104 | D        | Found Ilacsor's Assorted Antiques.
   121 | D        | Learned a level 2 spell: Ensorcelled Hibernation
   125 | D        | Learned a level 3 spell: Confusing Touch
   129 | D        | Learned a level 3 spell: Dazzling Flash
   133 | D        | Learned a level 3 spell: Tukima's Dance
   375 | D        | Noticed Menkaure
   388 | D        | Noticed an oklob plant
   388 | D        | Noticed a cane toad
   389 | D        | Killed Menkaure
   390 | D        | Found Kyxzis's Book Shoppe.
   393 | D        | Noticed a cane toad
   420 | D        | Bought an embroidered robe for 92 gold pieces
   435 | D        | Bought a ring of flight for 210 gold pieces
   460 | D        | Found a stormy altar of Qazlal.
   461 | D        | Found a hazy altar of Hepliaklqana.
   461 | D        | Found a sacrificial altar of Ru.
   461 | D        | Found an ornate altar of the Wu Jian Council.
   462 | D        | Found a viscous altar of Jiyva.
   462 | D        | Found a shimmering blue altar of Sif Muna.
   462 | D        | Found a shimmering altar of Xom.
   463 | D        | Found a snail-covered altar of Cheibriados.
   463 | D        | Found an ancient bone altar of Kikubaaqudgha.
   463 | D        | Found a bloodstained altar of Trog.
   464 | D        | Found a shadowy altar of Dithmenos.
   464 | D        | Found a corrupted altar of Lugonu.
   465 | D        | Found a white marble altar of Elyvilon.
   465 | D        | Found a burning altar of Makhleb.
   466 | D        | Found a blossoming altar of Fedhas.
   467 | D        | Noticed a polar bear
   469 | D        | Found an opulent altar of Gozag.
   469 | D        | Noticed a polar bear
   469 | D        | Noticed a hornet
   470 | D        | Noticed a polar bear
   471 | D        | Found a glowing golden altar of the Shining One.
   471 | D        | Found a basalt altar of Yredelemnul.
   471 | D        | Found a hide-covered altar of Uskayaw.
   471 | D        | Found a sparkling altar of Nemelex Xobeh.
   472 | D        | Found a glowing silver altar of Zin.
   472 | D        | Found a radiant altar of Vehumet.
   472 | D        | Found an iron altar of Okawaru.
   479 | D        | Became a worshipper of Dithmenos the Shadowed
   482 | D        | Noticed a yaktaur
   498 | D        | Killed a yaktaur
   499 | D        | Reached skill level 1 in Fighting
   499 | D        | Reached skill level 1 in Unarmed Combat
   499 | D        | Reached skill level 1 in Conjurations
   500 | D        | Killed a hornet
   501 | D        | Reached skill level 5 in Dodging
   501 | D        | HP: 1/37 [polar bear (1)]
   503 | D        | Mangled by a polar bear

Illustrated notes

Levels and vault maps discovered:
D:        the_violet_keep_of_menkaure [sprint2_stairs_cluster_1,
          sprint2_shoproom, sprint2_temple, sprint2_basic_supplies,
          sprint2_obstacle_6, sprint2_obstacle_5, sprint2_obstacle_4,
          sprint2_obstacle_2, sprint2_obstacle_3, sprint2_timed_cluster_1,
          sprint2_smallroom_cluster_1, sprint2_smallroom_final_cluster_1,
          sprint2_transparent_cluster_1, sprint2_second_timed_cluster_1,
          sprint2_sniper_area_1, sprint2_heavy_combat_area_1,
          sprint2_mutation_trap_area_1, sprint2_forest_area_1,
          sprint2_light_combat_area_1, sprint2_behind_water_1,
          sprint2_near_end_vault_1]

Skill      XL: |  1  2  3  4  5  6  7  8 |
---------------+-------------------------+-----
Stealth        | 6 9 13 15 17 19 | 19.3
Spellcasting   | 3 5 7 8 9 10 11 | 11.4
Hexes          | 4 6 7 9 10 11 12 | 12.0
Dodging        | 5 |  5.1
Fighting       | 1 |  1.6
Unarmed Combat | 2 |  2.5
Conjurations   | 2 |  2.2
Short Blades   | |  1.1

Action                   |  1- 3 |  4- 6 |  7- 9 || total
-------------------------+-------+-------+-------++-------
Melee: Dagger            |     7 |     7 |    22 ||    36
       Punch             |       |       |     1 ||     1
 Cast: Ensorcelled Hiber |       |       |     8 ||     8
       Confusing Touch   |       |       |     5 ||     5
  Use: Potion            |     2 |       |     2 ||     4
 Stab: Sleeping          |     4 |     4 |     5 ||    13
       Invisible         |     1 |     2 |     2 ||     5
       Confused          |       |       |     1 ||     1
Armor: Robe              |       |       |     6 ||     6
Dodge: Dodged            |     1 |     3 |    16 ||    20
